 Dungeon Crawl Stone Soup version 0.28-a0-199-g298df9dbad (webtiles) character file.

Game seed: 6385768039241585821

49 omnomnOMINOUS the Skirmisher (level 3, -4/40 HPs)
             Began as an Octopode Wanderer on Aug 19, 2021.
             Was an Initiate of Gozag.
             Killed by nerve-wracking pain
             ... invoked by Jessica
              (10 damage)
             ... on level 2 of the Dungeon.
             The game lasted 00:02:27 (980 turns).

omnomnOMINOUS the Skirmisher (Octopode Wanderer)     Turns: 980, Time: 00:02:28

Health: -4/40      AC:  1    Str: 10    XL:     3   Next: 77%
Magic:  3/3        EV: 14    Int: 15    God:    Gozag
Gold:   125        SH:  0    Dex: 12    Spells: 2/2 levels left

rFire   . . .      SeeInvis .   a - +2 dagger
rCold   . . .      Faith    .   (no shield)
rNeg    . . .      Spirit   .   (helmet restricted)
rPois   .          Reflect  .   (no amulet)
rElec   .          Harm     .   (no ring)
rCorr   .          Rampage  .   (no ring)
Will    .....                   (no ring)
Stlth   ..........              (no ring)
HPRegen 0.13/turn               (no ring)
MPRegen 0.08/turn               (no ring)
                                (no ring)
                                (no ring)

@: berserking (expiring), gold aura, very quick
A: almost no armour, amphibious, 8 rings, camouflage 1, gelatinous body 1,
(nimble swimmer 1), tentacles
a: Renounce Religion, Potion Petition, Call Merchant, Bribe Branch


You were on level 2 of the Dungeon.
You worshipped Gozag.
Gozag was aware of your devotion.
You visited 1 branch of the dungeon, and saw 2 of its levels.

You collected 125 gold pieces.

Inventory:

Hand Weapons
 a - a +2 dagger (weapon)
 c - a +0 hand crossbow
 e - a +0 hand axe
 i - a +0 whip
Missiles
 d - 43 bolts
 k - 14 poisoned darts (quivered)
Scrolls
 f - a scroll of fear {unknown}
 g - a scroll of identify {unknown}
 l - a scroll of enchant weapon {unknown}
 m - a scroll of teleportation {unknown}
Potions
 h - a potion of lignification {unknown}
 j - a potion of curing


   Skills:
 - Level 4.0 Fighting
 - Level 2.0 Axes
 - Level 1.0 Throwing
 + Level 3.5 Dodging
 - Level 1.3 Stealth
 - Level 1.0 Unarmed Combat


You had 2 spell levels left.
You didn't know any spells.
Your spell library was empty.

Dungeon Overview and Level Annotations

Branches:
Dungeon (2/15)

Altars:
Gozag

Annotations:
D:2 Jessica


Innate Abilities, Weirdness & Mutations

You cannot wear most types of armour.
You are amphibious.
You can wear up to eight rings at the same time.
Your skin changes colour to match your surroundings (Stealth+).
Your rubbery body absorbs attacks. (AC +1, EV +1)
((You are camouflaged near water. (Stealth+)))
You have tentacles for arms and can constrict up to eight enemies at once.


Message History

You closely miss the kobold. You grab the kobold.
You constrict the kobold, but do no damage.
The kobold hits you with a +0 short sword.
* * * LOW HITPOINT WARNING * * *
You hit the kobold.
You kill the kobold!
Jessica casts a spell.
Jessica blinks!
You puncture the goblin!
You kill the goblin!
You have reached level 3!
Your experience leads to an increase in your attributes!
Increase (S)trength, (I)ntelligence, or (D)exterity?
You feel clever.
You puncture Terence! You grab Terence.
Terence is heavily wounded.
You constrict Terence, but do no damage.
You hit Terence. You squeeze Terence.
Terence is severely wounded.
You constrict Terence, but do no damage.
Terence drinks a potion.
Terence is healed!
You puncture Terence!
Terence is severely wounded.
You constrict Terence, but do no damage.
Terence hits you with a +0 flail.
* * * LOW HITPOINT WARNING * * *
Jessica is distracted by your dazzling golden aura.
Jessica shouts!
You hit Terence.
You kill Terence!
Your Dodging skill increases to level 3!
Items here: ! $ )))) [.
You hit Jessica.
Jessica is no longer distracted by gold.
Your grab misses Jessica.
Jessica is severely wounded.
Jessica casts a spell at you. Pain shoots through your body!
You die...
Your body crumbles into a pile of gold.

##################
#.................
#.################
#.# #.# #.# #.#
#####@###
#....@..#
#.###.#.####
#........#
#......####
#.........#
#####..##.# #...#
# ..........#


You could see Jessica (fast).

Vanquished Creatures
  Terence (D:2)
  A dart slug (D:1)
  4 endoplasms (D:1)
  A giant cockroach (D:1)
  3 goblins
  2 hobgoblins (D:1)
  4 ball pythons (D:1)
  3 bats (D:1)
  2 frilled lizards (D:1)
  A kobold (D:2)
22 creatures vanquished.

Notes
Turn   | Place    | Note
-------+----------+-------------------------------------------
     0 | D:1      | omnomnOMINOUS the Octopode Wanderer began the quest for the
                  | Orb.
     0 | D:1      | omnomnOMINOUS set off with the following items: a +2
                  | dagger, a potion of berserk rage, a +0 hand crossbow, 28
                  | bolts, a +0 hand axe
     0 | D:1      | Reached XP level 1. HP: 17/17 MP: 1/1
   272 | D:1      | Found a faded altar of an unknown god.
   373 | D:1      | Became a worshipper of Gozag Ym Sagoz the Greedy
   399 | D:1      | Reached XP level 2. HP: 22/22 MP: 2/2
   955 | D:2      | Noticed Jessica
   956 | D:2      | Noticed Terence
   975 | D:2      | Reached XP level 3. HP: 9/27 MP: 3/3
   978 | D:2      | Killed Terence
   980 | D:2      | Killed from afar by Jessica

Illustrated notes

Levels and vault maps discovered:
D:1:      dpeg_arrival_line_fractal, layout_basic, shapermc_ecumenical_altar_gd,
          minmay_misc_feat_iff, chequers_decorated_corner, grunt_decor_fettered,
          minmay_misc_feat_tower
D:2:      layout_basic, basic_altar, uniq_jessica, uniq_terence

Skill      XL: |  1  2  3 |
---------------+----------+-----
Dodging        | 2 3 |  3.5
Fighting       | |  4.0
Axes           | |  2.0
Throwing       | |  1.0
Stealth        | |  1.3
Unarmed Combat | |  1.0

Action                   || total
-------------------------++-------
Melee: Dagger            ||    39
       Tentacles         ||     4
       Constrict         ||     5
  Use: Potion            ||     1
 Stab: Sleeping          ||     7
Armor: Skin              ||     5
Dodge: Dodged            ||    15

Table legend: (Time is in decaauts)
 A = Elapsed time spent in this place.
 B = Non-inter-level travel time spent in this place.
 C = Inter-level travel time spent in this place.
 D = Time resting spent in this place.
 E = Time spent auto-exploring this place.
 F = Levels seen in this place.
 G = Mean time per level.
                   A        B        C        D        E       F      G
               +--------+--------+--------+--------+--------+-----+--------+
         Total |    976 |    962 |     14 |      0 |    774 |   2 |  488.0 |
       Dungeon |    976 |    962 |     14 |      0 |    774 |   2 |  488.0 |
               +--------+--------+--------+--------+--------+-----+--------+

Top non-repeatable levels by time:
     D:1: 923 daAuts
     D:2: 53 daAuts
